 Dungeon Crawl Stone Soup version 0.29.1 (webtiles) character file.

Game seed: 20012995595895247

38 greasedhog the Charlatan (level 3, -2/25 HPs)
             Began as a Gnoll Wanderer on Sept 14, 2022.
             Slain by Sigmund
             ... wielding a +0 scythe
              (9 damage)
             ... on level 2 of the Dungeon.
             The game lasted 00:01:57 (1327 turns).

greasedhog the Charlatan (Gnoll Wanderer)           Turns: 1327, Time: 00:01:57

Health: -2/25      AC:  2    Str: 12    XL:     3   Next: 43%
Magic:  3/7        EV: 12    Int: 14    God:
Gold:   11         SH:  0    Dex:  9    Spells: 3/7 levels left

rFire   . . .      SeeInvis .   a - +2 short sword
rCold   . . .      Faith    .   (no shield)
rNeg    . . .      Spirit   .   d - +0 robe
rPois   .          Reflect  .   (no helmet)
rElec   .          Harm     .   (no cloak)
rCorr   .          Rampage  .   (no gloves)
Will    .....                   (no boots)
Stlth   ++........              (no amulet)
HPRegen 0.08/turn               (no ring)
MPRegen 0.10/turn               (no ring)

@: no status effects
A: fangs 1, strong nose, distributed training
a: no special abilities


You were on level 2 of the Dungeon.
You visited 1 branch of the dungeon, and saw 2 of its levels.

You collected 59 gold pieces.
You spent 48 gold pieces at shops.

Inventory:

Hand Weapons
 a - a +2 short sword (weapon)
Armour
 d - a +0 robe (worn)
Scrolls
 e - 2 scrolls of identify
Miscellaneous
 b - a piece from Xom's chessboard (14/15)


   Skills:
 + Level 0.8 Fighting
 + Level 4.5 Short Blades
 + Level 0.8 Long Blades
 + Level 0.8 Axes
 + Level 0.8 Maces & Flails
 + Level 0.8 Polearms
 + Level 0.8 Staves
 + Level 0.8 Ranged Weapons
 + Level 0.8 Throwing
 + Level 2.6 Armour
 + Level 2.6 Dodging
 + Level 2.4 Stealth
 + Level 0.8 Shields
 + Level 0.8 Unarmed Combat
 + Level 2.8 Spellcasting
 + Level 0.5 Conjurations
 + Level 0.5 Hexes
 + Level 0.5 Summonings
 + Level 3.7 Necromancy
 + Level 0.5 Translocations
 + Level 0.5 Transmutations
 + Level 0.5 Fire Magic
 + Level 0.5 Ice Magic
 + Level 0.5 Air Magic
 + Level 0.5 Earth Magic
 + Level 0.5 Poison Magic
 + Level 1.0 Invocations
 + Level 4.5 Evocations


You had 3 spell levels left.
You knew the following spells:

 Your Spells              Type           Power      Damage    Failure   Level
a - Necrotise             Necr           48%        1d6       4%          1
b - Vampiric Draining     Necr           12%        2d6       14%         3

Your spell library contained the following spells:

 Spells                   Type           Power      Damage    Failure   Level
 Ozocubu's Armour         Ice            3%         N/A       45%         3
 Metabolic Englaciation   Hex/Ice        1%         N/A       99%         5
 Simulacrum               Ice/Necr       4%         N/A       100%        6


Dungeon Overview and Level Annotations

Branches:
Dungeon (2/15)

Altars:

Shops:
D:2 ?

Annotations:
D:2 Sigmund


Innate Abilities, Weirdness & Mutations

You have very sharp teeth.
Your uncanny sense of smell can sniff out nearby items.
Your experience applies equally to all skills.


Message History

Okay, then.
There is a stone staircase leading down here.
There is an entrance to Sabbes's Magic Scroll Boutique here.
e - 2 scrolls of identify Thank you for shopping at Sabbes's Magic Scroll Boutique!
You don't have any unidentified items.
You open the large door. You open the door.
There is an open door here.
Sigmund the Dreaded comes into view.
He is wielding a +0 scythe.
Sigmund is nearby!
Sigmund shouts!
Sigmund writhes in agony.
Sigmund writhes in agony.
Sigmund misses you.
Sigmund writhes in agony.
Sigmund writhes in agony.
Sigmund closely misses you.
Sigmund writhes in agony.
Sigmund mumbles some strange words.
Sigmund flickers and vanishes!
Deactivating autopickup; reactivate with Ctrl-A.
You can't see any susceptible monsters within range! (Use Z to cast anyway.)
You can't see anything.
Try to make a move anyway?
You make a move on Xom's chessboard...
Nothing appears to happen.
Something hits you but does no damage.
You are confused.
You bump into the rock wall.
Something hits you!
You bump into the rock wall.
You hear some strange, mumbled words.
A puff of flame appears from out of thin air!
The puff of flame hits you.
You feel less confused.
You hear some strange, mumbled words.
Something tries to affect you, but you resist.
You aren't carrying any potions.
Something hits you.
* * * LOW HITPOINT WARNING * * *
As you read the scroll of butterflies, it crumbles to dust.
You hear the tinkle of a tiny bell.
You swap places.
Something hits you!
You die...

#.##.###.###.#####...##
.....# #.# #.# ##.##
#.#### #.# #.######.#
#.# #.###.....##.# #.#
............# #.#
########.#### #.# #.#
#.# ### #b# #.
.....#####@# #..b.{bb#
#########


There were no monsters in sight!

Vanquished Creatures
  A dart slug (D:1)
  3 bats
  3 endoplasms
  A giant cockroach (D:1)
  A goblin (D:1)
  2 hobgoblins
  8 jackals (D:1)
  3 ball pythons
  A frilled lizard (D:1)
  3 kobolds (D:1)
  4 rats
30 creatures vanquished.

Vanquished Creatures (collateral kills)
  A jackal (D:1)
1 creature vanquished.

Grand Total: 31 creatures vanquished

Notes
Turn   | Place    | Note
-------+----------+-------------------------------------------
     0 | D:1      | greasedhog the Gnoll Wanderer began the quest for the Orb.
     0 | D:1      | greasedhog set off with the following items: a +2 short
                  | sword, a piece from Xom's chessboard (15/15), a scroll of
                  | butterflies, a +0 robe; and the following spell memorised:
                  | Necrotise; and the following spells available to memorise:
                  | Vampiric Draining.
     0 | D:1      | Reached XP level 1. HP: 13/13 MP: 4/4
   223 | D:1      | Reached XP level 2. HP: 15/19 MP: 0/5
   839 | D:1      | Reached XP level 3. HP: 24/25 MP: 2/7
  1000 | D:1      | Found a faded altar of an unknown god.
  1129 | D:2      | Learned a level 3 spell: Vampiric Draining
  1151 | D:2      | Reached skill level 1 in Invocations
  1239 | D:2      | Found Sabbes's Magic Scroll Boutique.
  1288 | D:2      | Bought 2 scrolls of identify for 48 gold pieces
  1307 | D:2      | Noticed Sigmund
  1327 | D:2      | Slain by Sigmund

Illustrated notes

Levels and vault maps discovered:
D:1:      scummos_arrival_star, layout_basic, basic_ecumenical_altar,
          minivault_19
D:2:      layout_loops_ring, serial_shops, shop, nicolae_shop_hallway_stairs,
          shop, nicolae_shop_trees, nicolae_shop_hallway_plus, uniq_sigmund,
          uniq_crazy_yiuf_cottage

Skill      XL: |  1  2  3 |
---------------+----------+-----
Invocations    | 1 |  1.0
Fighting       | |  0.8
Short Blades   | |  4.5
Long Blades    | |  0.8
Axes           | |  0.8
Maces & Flails | |  0.8
Polearms       | |  0.8
Staves         | |  0.8
Ranged Weapons | |  0.8
Throwing       | |  0.8
Armour         | |  2.6
Dodging        | |  2.6
Stealth        | |  2.4
Shields        | |  0.8
Unarmed Combat | |  0.8
Spellcasting   | |  2.8
Conjurations   | |  0.5
Hexes          | |  0.5
Summonings     | |  0.5
Necromancy     | |  3.7
Translocations | |  0.5
Transmutations | |  0.5
Fire Magic     | |  0.5
Ice Magic      | |  0.5
Air Magic      | |  0.5
Earth Magic    | |  0.5
Poison Magic   | |  0.5
Evocations     | |  4.5

Action                   || total
-------------------------++-------
Melee: Short sword       ||    30
       Punch             ||     1
 Cast: Necrotise         ||    46
Evoke: Piece from Xom's  ||     1
  Use: Scroll            ||     1
Armor: Robe              ||     7
Dodge: Dodged            ||    25
